 Dungeon Crawl Stone Soup version 0.19.1 (webtiles) character file.

1141 Drake the Covered (level 8, -14/71 HPs)
             Began as a Minotaur Fighter on May 22, 2017.
             Was an Initiate of Gozag.
             Killed from afar by luckyleol's ghost (19 damage)
             ... with a bolt of negative energy
             ... on level 6 of the Dungeon.
             The game lasted 00:15:40 (4186 turns).

Drake the Covered (Minotaur Fighter)                Turns: 4186, Time: 00:15:41

Health: -14/71     AC: 13    Str: 23    XL:     8   Next: 14%
Magic:  7/7        EV:  4    Int: 10    God:    Gozag
Gold:   229        SH:  9    Dex: 10    Spells: 0 memorised, 7 levels left

rFire  . . .     SeeInvis +     a - +1 long sword
rCold  . . .     Gourm    .     r - +0 plate armour
rNeg   . . .     Faith    .     c - +0 shield
rPois  .         Spirit   .     (helmet restricted)
rElec  .         Reflect  .     (no cloak)
rCorr  .         Harm     .     n - +0 pair of gloves
MR     .....                    (no boots)
Stlth  ..........               u - amulet of regeneration
                                (no ring)
                                j - ring of see invisible

@: brilliant, flying, very slightly contaminated, hasted, heavily drained, very
quick
A: retaliatory headbutt, horns 2
a: Potion Petition, Call Merchant, Bribe Branch, Renounce Religion


You were on level 6 of the Dungeon.
You worshipped Gozag.
Gozag was aware of your devotion.
You were not hungry.

You visited 2 branches of the dungeon, and saw 7 of its levels.

You collected 322 gold pieces.
You spent 42 gold pieces at shops.
You paid 51 gold pieces to Gozag.

Inventory:

Hand Weapons
 a - a +1 long sword (weapon)
Missiles
 g - 11 bolts
Armour
 c - a +0 shield (worn)
 n - a +0 pair of gloves (worn)
 r - a +0 plate armour (worn)
Jewellery
 j - a ring of see invisible (left hand)
 u - an amulet of regeneration (around neck)
Wands
 q - a wand of disintegration (10/24)
 t - a wand of digging (13/24)
 v - a wand of slowing (28/48)
 x - a wand of digging (5/24)
Scrolls
 d - a scroll of random uselessness {unknown}
 e - a scroll of teleportation
 h - a scroll of magic mapping
 k - 2 scrolls of amnesia
 l - a scroll of fog
 m - 3 scrolls of identify
 w - a scroll of remove curse
Comestibles
 f - 2 bread rations
 i - 5 fruits
 o - 2 beef jerkies
 s - 2 slices of pizza


   Skills:
 + Level 6.9(4.1) Fighting
 + Level 6.1(3.3) Long Blades
 + Level 7.0(4.1) Armour
 + Level 6.6(3.8) Shields


You had 7 spell levels left.
You didn't know any spells.

Dungeon Overview and Level Annotations

Branches:
Dungeon (6/15)             Temple (1/1) D:4

Altars:
Ashenzari
Cheibriados
Dithmenos
Elyvilon
Fedhas
Gozag
Kikubaaqudgha
Sif Muna
Trog
Zin

Shops:
D:4 ([?}(

Annotations:
D:6 luckyleol's ghost, novice DrBe


Innate Abilities, Weirdness & Mutations

You reflexively headbutt those who attack you in melee.
You have a pair of horns on your head.


Message History

It was a potion of haste.
You feel yourself speed up.
Luckyleol's ghost hits you but does no damage.
You are very lightly contaminated with residual magic.
You miss luckyleol's ghost. Your headbutt misses luckyleol's ghost.
Luckyleol's ghost is moderately damaged.
Luckyleol's ghost hits you.
* * * LOW HITPOINT WARNING * * *
You hit luckyleol's ghost. Your headbutt misses luckyleol's ghost.
Luckyleol's ghost is heavily damaged.
You closely miss luckyleol's ghost.
You headbutt luckyleol's ghost, but do no damage.
Luckyleol's ghost is heavily damaged.
Luckyleol's ghost hits you but does no damage.
You hit luckyleol's ghost.
Luckyleol's ghost is heavily damaged.
Luckyleol's ghost hits you but does no damage.
Luckyleol's ghost breathes negative energy at you.
The bolt of negative energy hits you!
You feel drained.
You die...
Your body crumbles into a pile of gold.

##### #≈≈..# +≈≈≈.#
#≈≈≈.# #+##≈≈..#####
≈≈≈≈≈.......#
.≈≈≈.......r##########.
≈.≈........wrW.@.......
.......%....########...
######......# ##
####.##.... #.##.###
#.<...# ####..# ..# #


You could see a worm, luckyleol's ghost, a river rat and a rat.

Vanquished Creatures
  The ghost of Drake the Slasher, an amateur DrGl (D:4)
  Menkaure (D:4)
  An ice beast (D:5)
  An ogre (D:5)
  The ghost of Drake the Conjurer, an amateur DECj (D:3)
  A bullfrog (D:4)
  2 howler monkeys (D:5)
  A hound (D:4)
  An orc priest (D:4)
  2 centaur skeletons (D:4)
  Terence (D:2)
  A bullfrog skeleton (D:3)
  An iguana (D:4)
  2 orc wizards (D:4)
  2 worker ants (D:5)
  6 adders
  A river rat (D:6)
  A dart slug (D:5)
  2 leopard geckos
  4 orcs (D:4)
  2 ball pythons (D:2)
  7 giant cockroaches
  8 goblins
  3 hobgoblins
  6 jackals
  7 kobolds
  3 quokkas
  6 bats
  6 frilled lizards
  A jackal skeleton (D:4)
  2 rats
84 creatures vanquished.

Notes
Turn   | Place    | Note
-------+----------+-------------------------------------------
     0 | D:1      | Drake the Minotaur Fighter began the quest for the Orb.
     0 | D:1      | Reached XP level 1. HP: 19/19 MP: 0/0
   348 | D:1      | Reached XP level 2. HP: 20/27 MP: 1/1
   849 | D:1      | Reached skill level 4 in Armour
  1146 | D:2      | Noticed Terence
  1156 | D:2      | Killed Terence
  1156 | D:2      | Reached XP level 3. HP: 20/33 MP: 2/2
  1640 | D:2      | Found a deep blue altar of Sif Muna.
  1640 | D:2      | Found a shadowy altar of Dithmenos.
  1641 | D:2      | Found a bloodstained altar of Trog.
  1746 | D:2      | Reached XP level 4. HP: 41/41 MP: 3/3
  2470 | D:3      | Reached XP level 5. HP: 47/47 MP: 4/4
  2476 | D:3      | Noticed Drake's ghost (amateur DECj)
  2496 | D:3      | Killed Drake's ghost
  2496 | D:3      | Reached skill level 5 in Armour
  2695 | D:4      | Reached skill level 5 in Fighting
  2699 | D:4      | Reached skill level 5 in Shields
  2699 | D:4      | Reached XP level 6. HP: 37/56 MP: 5/5
  2786 | D:4      | Noticed Menkaure
  2790 | D:4      | Killed Menkaure
  2907 | D:4      | Reached skill level 5 in Long Blades
  2907 | D:4      | Reached XP level 7. HP: 38/62 MP: 6/6
  3074 | D:4      | Found Heish's Antique Weapon Emporium.
  3091 | D:4      | Found Acovi's Antique Armour Shop.
  3094 | D:4      | Noticed Drake's ghost (amateur DrGl)
  3100 | D:4      | Killed Drake's ghost
  3100 | D:4      | Reached skill level 6 in Armour
  3281 | D:4      | Found Zeezic's Magic Scroll Emporium.
  3286 | D:4      | Bought a scroll of remove curse for 42 gold pieces
  3330 | D:4      | Found a staircase to the Ecumenical Temple.
  3335 | Temple   | Entered the Ecumenical Temple
  3350 | Temple   | Became a worshipper of Gozag Ym Sagoz the Greedy
  3434 | D:4      | Found Zeled's Weapon Shoppe.
  3468 | D:4      | Found Ifiydgh's Gadget Boutique.
  3476 | D:5      | Entered Level 5 of the Dungeon
  3504 | D:5      | Reached XP level 8. HP: 33/71 MP: 7/7
  3848 | D:5      | Reached skill level 7 in Armour
  3946 | D:5      | Found a snail-covered altar of Cheibriados.
  4157 | D:6      | Noticed luckyleol's ghost (novice DrBe)
  4182 | D:6      | HP: 3/71 [luckyleol's ghost (4)]
  4186 | D:6      | Killed from afar by luckyleol's ghost

Skill      XL: |  1  2  3  4  5  6  7  8 |
---------------+-------------------------+-----
Armour         | 4 5 6 7 |  7.0
Long Blades    | 3 4 5 6 |  6.1
Fighting       | 4 5 6 |  6.9
Shields        | 4 5 6 |  6.6

Action                   |  1- 3 |  4- 6 |  7- 9 || total
-------------------------+-------+-------+-------++-------
Melee: Long sword        |    88 |   116 |    86 ||   290
       Headbutt          |    10 |    10 |    26 ||    46
  Use: Scroll            |       |    11 |     1 ||    12
       Potion            |       |     4 |     4 ||     8
  Eat: Bread ration      |     1 |       |     1 ||     2
       Meat ration       |       |     1 |       ||     1
Armor: Scale mail        |    45 |    63 |       ||   108
       Plate armour      |       |     8 |    47 ||    55
Dodge: Dodged            |    21 |    40 |    18 ||    79
Block: Shield            |    45 |    72 |    42 ||   159
       Rpst.: Long sword |     3 |     9 |     5 ||    17
